[Event "Early-Titled-Tuesday-Blitz-March-26-2024"]
[Site "Chess.com"]
[Date "2024.03.26"]
[Round "3"]
[White "Boundless_Strike"]
[Black "LuisIbarraCh"]
[Result "0-1"]
[WhiteElo "2621"]
[BlackElo "2540"]
[TimeControl "180+1"]
[EndTime "8:29:04 PDT"]
[Termination "LuisIbarraCh won on time"]

1. d4 e6 2. e4 d5 3. Be3 dxe4 4. f3 Nf6 5. fxe4 Nxe4 6. Bd3 c5 7. Nf3 cxd4 8.
Bxd4 Nc5 9. Bb5+ Bd7 10. Be2 Nc6 11. Be3 Be7 12. O-O O-O 13. Nbd2 Rc8 14. Qe1 e5 15. Rd1 Qe8 16. Nc4 e4 17. Nd4 f5 18.
Qg3 Nxd4 19. Bxd4 Ne6 20. Bc3 f4 21. Qg4 f3 22. gxf3 Rf4 23. Qg2 exf3 24. Rxf3 Rcxc4 25. Bxc4 Rxc4 26. Rg3 Bc5+ 27. Kf1 Qf7+ 28. Ke1 Bc6 29.
Rd8+ Bf8 30. Rxf8+ Kxf8 31. Qe2 Re4 32. Re3 Nf4 33.
Rxe4 Nxe2 34. Bb4+ Kg8 35. Rxe2 Qxa2 36. Bc3 h6 37.
Rf2 Bd5 38. Kd2 Bf7 39. Re2 Bg6 40. Rg2 Kh7 41. Rf2 Qb1 42. Ke3 Bxc2 43. Rf7 Qg1+ 44. Kd2 Be4 45. h4 Bd5 46. Re7 b5 47. h5 Bf3 48.
Kd3 Bxh5 0-1

[Event "Early-Titled-Tuesday-Blitz-March-26-2024"]
[Site "Chess.com"]
[Date "2024.03.26"]
[Round "3"]
[White "Charodej1"]
[Black "Bada_norovsambuu"]
[Result "1-0"]
[WhiteElo "2445"]
[BlackElo "2217"]
[TimeControl "180+1"]
[EndTime "8:29:04 PDT"]
[Termination "Charodej1 won on time"]

1. e4 c6 2. d4 d5 3. exd5 cxd5 4. c4 Nc6 5. Nc3 Nf6 6. Nf3 Bg4 7. Bg5 e6 8. Be2 Be7 9. h3 Bh5 10. Rc1 dxc4 11.
g4 Bg6 12. Bxc4 Qa5 13. Bb5 O-O 14. O-O Nb4 15. Bc4 Rac8 16. Bb3 Nd3 17. Rc2 Nb4 18. Rd2 h6 19. Bf4 Nfd5 20. Be5 Nxc3 21. bxc3 Nd5 22. c4 Nb4 23. d5 exd5 24. cxd5 Rfd8 25. d6 Bf8 26. Re1 Nc6 27. Bg3 Qb6 28. Kh2 Na5 29.
Re3 Nxb3 30. Rxb3 Qc6 31. h4 Bc2 32. Ne5 Bxd1 33. Nxc6 bxc6 34. Rxd1 Rd7 35. Rc3 c5 36. Rd5 c4 37. Rd4 Rc6 38. Rcxc4 Rxc4 39. Rxc4 Bxd6 40. Ra4 Bxg3+ 41. Kxg3 f6 42. Kf4 Kf7 43. Ke4 g5 44.
h5 Rb7 45. f4 Ke7 46. fxg5 fxg5 47. Kf5 Rb6 48. Rxa7+ Kf8 49. a4 Kg8 50. Ke5 Kf8 51.
a5 Rb4 52. a6 Rxg4 53. Kf5 Ra4 54. Kg6 g4 55. Ra8+ Ke7 56. a7 g3 57. Rh8 1-0

[Event "Early-Titled-Tuesday-Blitz-March-26-2024"]
[Site "Chess.com"]
[Date "2024.03.26"]
[Round "3"]
[White "Firouzja2003"]
[Black "reevecanada"]
[Result "1-0"]
[WhiteElo "3075"]
[BlackElo "2672"]
[TimeControl "180+1"]
[EndTime "8:29:08 PDT"]
[Termination "Firouzja2003 won by resignation"]

1. e4 e6 2. d4 d5 3. Nc3 c6 4.
Nf3 Nf6 5. Bd3 Be7 6. h4 h6 7. Qe2 dxe4 8. Nxe4 Nxe4 9. Bxe4 Nd7 10. Bd2 c5 11. O-O-O cxd4 12. Nxd4 Nc5 13. Bc3 Qb6 14.
Nf3 O-O 15. Ne5 Nxe4 16. Qxe4 Qxf2 17. Rdf1 Qc5 18. Qg4 f6 19. Ng6 e5 20. Qh5 Rd8 21.
g4 Be6 22. g5 fxg5 23. hxg5 Qe3+ 24. Kb1 Bxg5 25. Re1 Qg3 26. Nxe5 Rf8 27. Rhg1 Qh4 28. Qxh4 Bxh4 29. Nd3 Bxe1 30. Rxg7+ Kh8 31. Nxe1 Rae8 32. Rxb7+ Kg8 33. Rg7+ Kh8 34. Rxa7+ Kg8 35. Rg7+ Kh8 36. b3 Bf5 37. Ng2 Rc8 38. Rc7+ Kg8 39. Rg7+ Kh8 40. Bd4 Bxc2+ 41. Kb2 Bf5 42. Rc7+ Kg8 43. Rg7+ Kh8 44. Nh4 Rc2+ 45. Ka3 Ra8+ 46. Ra7+ Kg8 47. Rxa8+ Kf7 48. Nxf5 h5 49. Ra7+ Kg6 50. Ne3 Re2 51. Ra6+ Kg5 52. Ra5+ Kh4 53. Nf5+ Kg4 54. Nh6+ Kf4 55. Rxh5 Ke4 56.
Rh4+ Kd3 57. Bc5 Kc2 58. b4 Kb1 59. Ka4 Kxa2 60. Kb5 Re6 61. Nf5 Kb3 62. Nd4+ Ka3 63. Rh3+ 1-0

[Event "Early-Titled-Tuesday-Blitz-March-26-2024"]
[Site "Chess.com"]
[Date "2024.03.26"]
[Round "3"]
[White "LeRoidesChampions"]
[Black "Kotofeyca"]
[Result "0-1"]
[WhiteElo "2684"]
[BlackElo "2494"]
[TimeControl "180+1"]
[EndTime "8:29:08 PDT"]
[Termination "Kotofeyca won by checkmate"]

1. Nf3 d5 2. g3 c6 3. Bg2 Bg4 4. O-O Nd7 5. d4 e6 6. c4 Bd6 7. b3 Ngf6 8. Bb2 O-O 9. Nbd2 Bh5 10. h3 Qe7 11. Re1 Ba3 12. Qc1 Bxb2 13. Qxb2 a5 14.
c5 Rfe8 15. e3 Bxf3 16. Nxf3 e5 17. a3 Ne4 18. b4 axb4 19. axb4 exd4 20. Nxd4 Ne5 21.
Rxa8 Rxa8 22. Ra1 Rxa1+ 23. Qxa1 g6 24. Qa8+ Kg7 25. Qb8 Nd3 26. Bxe4 dxe4 27. Qd6 Qf6 28. Qxf6+ Kxf6 29. b5 cxb5 30. Nxb5 Nxc5 31. Kf1 Ke5 32.
Ke2 Kd5 33. Kd2 f5 34. Kc3 Nd3 35. f3 Nf2 36. fxe4+ Kxe4 37. Kd2 Nxh3 38. Ke2 b6 39. Nd6+ Kd5 40. Nf7 b5 41. Kd3 b4 42. Nd8 Nf2+ 43.
Kd2 Ne4+ 44. Kd3 Nxg3 45. Nf7 h5 46. Ng5 h4 47. Nf3 h3 48. Kc2 Nf1 49. Kb3 h2 50. Nd4 h1=Q 51. Nc2 Qh3 52. Kb2 Nxe3 53. Nxb4+ Kd6 54.
Kb3 Nd5+ 55. Nd3 Qxd3+ 56. Ka4 Qb1 57. Ka5 Qb4+ 58. Ka6 Qb6# 0-1

[Event "Early-Titled-Tuesday-Blitz-March-26-2024"]
[Site "Chess.com"]
[Date "2024.03.26"]
[Round "3"]
[White "Stanbad1"]
[Black "Irina_Baraeva"]
[Result "1-0"]
[WhiteElo "2655"]
[BlackElo "2441"]
[TimeControl "180+1"]
[EndTime "8:29:09 PDT"]
[Termination "Stanbad1 won by checkmate"]

1. d4 d5 2. c4 c6 3. Nf3 Nf6 4. Qc2 dxc4 5. Qxc4 Bg4 6. Bf4 Nbd7 7. e3 Bxf3 8. gxf3 e5 9. dxe5 Qa5+ 10. Nc3 Nxe5 11. Bxe5 Qxe5 12. f4 Qc5 13. Qxc5 Bxc5 14. Bc4 Ke7 15. Ke2 Rad8 16. Rad1 g6 17. Bb3 a5 18. a3 Rd6 19. Rc1 Ba7 20. Rhd1 Rhd8 21. Rxd6 Rxd6 22. h3 Rd7 23. Rc2 Rd8 24. Na4 Ne4 25. Ba2 h5 26. Bb1 Rd6 27. Nc3 Nxc3+ 28. Rxc3 Rd7 29. Be4 Ke6 30. Bf3 Ke7 31. Rb3 Ke6 32. Rc3 Ke7 33.
Rc2 Ke6 34. Bg2 Ke7 35. b4 Rd6 36. bxa5 Bb8 37. Rb2 Rd7 38. a6 b5 39. Bxc6 Ra7 40. Bxb5 Bd6 41. Bd3 Bxa3 42. Rb3 Bc5 43. Kf3 Bd6 44.
Bb5 Ke6 45. Rc3 Ke7 46. Rc2 Ke6 47. Ra2 Ke7 48. Bc6 Ke6 49. Bb7 Ke7 50. Ke4 Ke6 51.
Rc2 Ke7 52. Kd5 Kd7 53. Rd2 Ke7 54. f5 Bb4 55. Rb2 Bd6 56. fxg6 fxg6 57. e4 Bf4 58. e5 Bc1 59. Rc2 Bf4 60. Rc7+ Kd8 61. Rh7 Bd2 62. e6 Bc3 63. Kc6 Ke8 64. Kb6 Bd4+ 65. Kc6 Bxf2 66. e7 Bh4 67. Kd6 Bf6 68. Bc6+ Rd7+ 69.
Bxd7# 1-0

[Event "Early-Titled-Tuesday-Blitz-March-26-2024"]
[Site "Chess.com"]
[Date "2024.03.26"]
[Round "3"]
[White "only_strong_moves"]
[Black "YegoryoCh"]
[Result "1-0"]
[WhiteElo "2711"]
[BlackElo "2496"]
[TimeControl "180+1"]
[EndTime "8:29:11 PDT"]
[Termination "only_strong_moves won on time"]

1. Nc3 d5 2. e4 dxe4 3. Nxe4 Bf5 4. Ng3 Bg6 5. h4 h5 6. Nf3 Nf6 7. Ne5 Bh7 8. d4 Nbd7 9. Bc4 Nxe5 10. dxe5 Qxd1+ 11. Kxd1 Ng4 12. Be3 Nxe5 13. Bb3 O-O-O+ 14. Ke2 Bg6 15. f3 a6 16. Rad1 Rxd1 17. Rxd1 e6 18.
Bd4 Bd6 19. Nf1 Rd8 20. g3 c5 21. Bc3 c4 22. Bxe5 Bxe5 23. Bxc4 Bxb2 24. Bd3 Bxd3+ 25. cxd3 Bd4 26. Nd2 b5 27. Ne4 Kb7 28. Rc1 Kb6 29. Ng5 Rd7 30. Rc8 Bf6 31. Ne4 Rd8 32. Rc2 Be7 33.
Ke3 f5 34. Nd2 g5 35. hxg5 Bxg5+ 36. f4 Bf6 37. Nb3 Rg8 38. Kf3 h4 39. gxh4 Bxh4 40.
Rh2 Rg3+ 41. Ke2 Bd8 42. Rh6 Bc7 43. Rxe6+ Kb7 44. Nc5+ Kc8 45. Re8+ Bd8 46. Rf8 Rg6 47. d4 Kc7 48. d5 Be7 49. Rf7 Kd6 50. Nb7+ Kd7 51.
d6 Kc6 52. dxe7 Re6+ 53. Kf3 1-0

[Event "Early-Titled-Tuesday-Blitz-March-26-2024"]
[Site "Chess.com"]
[Date "2024.03.26"]
[Round "3"]
[White "Siemba"]
[Black "profedechess93"]
[Result "0-1"]
[WhiteElo "2458"]
[BlackElo "2651"]
[TimeControl "180+1"]
[EndTime "8:29:11 PDT"]
[Termination "profedechess93 won by resignation"]

1. e4 e6 2. d4 d5 3. Nc3 Nf6 4. Bg5 Be7 5. e5 Nfd7 6. Bxe7 Qxe7 7. Qg4 f5 8. exf6 Nxf6 9. Qh4 c5 10. dxc5 Nc6 11.
Nf3 Qxc5 12. Bd3 O-O 13. O-O-O b5 14. Bxb5 Rb8 15. Bxc6 Qxc6 16. Ne5 Qb6 17. Na4 Qc7 18. Rhe1 Ne4 19. f3 Nd6 20. Qd4 Qb7 21. Nc5 Qc7 22. Ned3 Re8 23. Re5 Ba6 24. Rg5 Nf5 25. Rxf5 exf5 26.
Qxd5+ Kh8 27. Qxf5 Bxd3 28. Nxd3 Rbd8 29. Qf4 Qb7 30.
Qd2 Re7 31. Re1 Red7 32. Qc3 Rc7 33. Qe5 h6 34. Qf5 Rdc8 35. Re2 Qa6 36. Kd2 Qxa2 37. b3 Qa1 38. Ke3 Re7+ 39. Kf2 Rxe2+ 40. Kxe2 Rxc2+ 41. Ke3 Qa3 42. Qf7 Qd6 43. Qe8+ Kh7 44. Qe4+ Qg6 45. Qxg6+ Kxg6 46. Nf4+ Kf7 47. Kd4 g5 48. Nd3 Rxg2 49. h3 Rg3 50. Ne5+ Ke6 51. Nc6 Rxf3 52. Kc4 Rxh3 53. Nxa7 g4 54. Nc6 g3 55. b4 Kd7 56.
Ne5+ Kc7 57. Nf3 g2 58. Ng1 Rh1 0-1

[Event "Early-Titled-Tuesday-Blitz-March-26-2024"]
[Site "Chess.com"]
[Date "2024.03.26"]
[Round "3"]
[White "chess_blitz00"]
[Black "Masterisback04"]
[Result "1-0"]
[WhiteElo "2540"]
[BlackElo "1990"]
[TimeControl "180+1"]
[EndTime "8:29:11 PDT"]
[Termination "chess_blitz00 won by checkmate"]

1. a3 Nf6 2. c4 e5 3. Nc3 a5 4. Nf3 Nc6 5. e3 d5 6. cxd5 Nxd5 7. Bb5 Nxc3 8. bxc3 e4 9. Nd4 Bd7 10. Bxc6 bxc6 11.
Qc2 Qh4 12. g3 Qg4 13. h3 Qg6 14. Ne2 Bd6 15. Bb2 O-O 16. c4 c5 17. Nf4 Bxf4 18.
gxf4 Rab8 19. O-O-O Qb6 20. Qc3 f6 21. h4 Ba4 22.
Rdg1 Qe6 23. Kb1 Rb3 24. Qxa5 Qxc4 25. Qxc7 g6 26. h5 Qf7 27. Qxf7+ Rxf7 28. hxg6 hxg6 29. Rxg6+ Kf8 30. Rh8+ Ke7 31. Ka2 Rd3 32. Rhh6 Rxd2 33. Ka1 c4 34. Bxf6+ Kd7 35. Bd4 Rxd4 36. exd4 c3 37.
Rd6+ Kc7 38. Rd5 Rg7 39. Rc5+ Kb7 40. Rxc3 Rg1+ 41. Kb2 Bd1 42. Rh7+ Ka6 43. Rhc7 Bf3 44. R7c6+ Kb7 45. R6c5 Rf1 46. Rc2 Rd1 47. R5c4 Rd3 48.
Rb4+ Ka6 49. Rc6+ Ka5 50. Rc5+ Ka6 51. Rc8 Rxd4 52. Rxd4 e3 53. fxe3 Ka5 54. Rc5+ Ka6 55. Rb4 Ka7 56. Kc3 Ka6 57. Kc4 Ka7 58. Ra5# 1-0

[Event "Early-Titled-Tuesday-Blitz-March-26-2024"]
[Site "Chess.com"]
[Date "2024.03.26"]
[Round "3"]
[White "jakopogi"]
[Black "AryanTari"]
[Result "1-0"]
[WhiteElo "2798"]
[BlackElo "2999"]
[TimeControl "180+1"]
[EndTime "8:29:12 PDT"]
[Termination "jakopogi won by resignation"]

1. e4 e5 2. Nf3 Nc6 3. Bb5 Nge7 4. O-O Ng6 5. d4 exd4 6. Nxd4 Bc5 7. Be3 Bxd4 8.
Bxd4 Nxd4 9. Qxd4 Qg5 10. Qd5 h6 11. Qxg5 hxg5 12. Nc3 c6 13. Be2 d6 14. Rad1 Ke7 15.
Rd2 Be6 16. Rfd1 Rad8 17. f3 Ne5 18. Bf1 g6 19. b3 Rh6 20. Ne2 Rdh8 21. h3 Bxh3 22.
gxh3 Nxf3+ 23. Kf2 Nxd2 24. Rxd2 Rh4 25. Bg2 g4 26.
hxg4 Rxg4 27. Bf3 Rh2+ 28. Ke3 Rgh4 29. Rd1 a5 30. a4 Rh8 31. Rg1 Kf6 32. Bg4 Ke5 33.
Nd4 Kf6 34. Rf1+ Ke7 35. Ne2 Rh1 36. Rxh1 Rxh1 37. Bf3 Rh4 38. Nf4 Kf6 39. Nd3 g5 40. Nf2 Ke7 41. Bg4 Rh8 42. Bf5 f6 43. Nd1 Rh2 44.
Kd3 Rh1 45. Ne3 Rh8 46. Nc4 Ra8 47. Nb6 Ra6 48. Nc8+ Kd8 49. Nxd6 Ra7 50. Kd4 b6 51. c4 Re7 52. c5 bxc5+ 53. Kxc5 Kc7 54. Nc4 g4 55. Bxg4 Rxe4 56. Bf3 Rf4 57. Bxc6 Rf1 58. Nxa5 f5 59. Nc4 f4 60. Ne5 Rc1+ 61. Kd4 Kd6 62.
Bf3 Re1 63. Nc4+ Kc7 64. b4 Ra1 65. a5 Ra2 66. b5 Rf2 67. b6+ Kd7 68. Bd5 Rf1 69.
a6 Ra1 70. a7 1-0

[Event "Early-Titled-Tuesday-Blitz-March-26-2024"]
[Site "Chess.com"]
[Date "2024.03.26"]
[Round "3"]
[White "Aisen1011"]
[Black "BilicVladimir"]
[Result "0-1"]
[WhiteElo "2471"]
[BlackElo "2693"]
[TimeControl "180+1"]
[EndTime "8:29:13 PDT"]
[Termination "BilicVladimir won by checkmate"]

1. d4 d5 2. c4 c6 3. Nc3 Nf6 4. Nf3 a6 5. a4 e6 6. g3 a5 7. Bg2 Na6 8. O-O Be7 9. Nd2 O-O 10.
e4 dxe4 11. Ndxe4 Nxe4 12. Nxe4 Nb4 13. Be3 b6 14. Rc1 Bb7 15. Qb3 Qd7 16. Rfd1 h6 17. h4 Rfd8 18. d5 c5 19. dxe6 Qxe6 20. Nxc5 Bxc5 21.
Bxb7 Rxd1+ 22. Rxd1 Re8 23. Bd5 Qf6 24. Qc3 Bxe3 25. fxe3 Qe7 26. e4 Na6 27. Rf1 Rf8 28. e5 Nc5 29. Qe3 Kh8 30. b3 Nd7 31. Re1 Qc5 32. e6 fxe6 33. Bxe6 Qxe3+ 34. Rxe3 Nc5 35. Bd5 g5 36. hxg5 hxg5 37. Re5 g4 38. Rh5+ Kg7 39. Rg5+ Kf6 40. Rxg4 Ke5 41. Kg2 Rh8 42. Rg6 Kd4 43.
Rxb6 Nd3 44. Rb5 Ke3 45. g4 Nf4+ 46. Kg1 Ne2+ 47. Kg2 Nf4+ 48. Kf1 Rh2 49. Rb7 Rf2+ 50. Kg1 Nh3+ 51. Kh1 Rb2 52. Re7+ Kf4 53. Rf7+ Kg3 54. Rf1 Rh2# 0-1

[Event "Early-Titled-Tuesday-Blitz-March-26-2024"]
[Site "Chess.com"]
[Date "2024.03.26"]
[Round "3"]
[White "rezamahdavi2008"]
[Black "Hikaru"]
[Result "1/2-1/2"]
[WhiteElo "2846"]
[BlackElo "3267"]
[TimeControl "180+1"]
[EndTime "8:29:14 PDT"]
[Termination "Game drawn - insufficient material"]

1. e4 c6 2. d4 d5 3. e5 Bf5 4. Nf3 e6 5. Be2 Nd7 6. O-O h6 7. c4 dxc4 8. Bxc4 Ne7 9. Nc3 Nb6 10. Bd3 Nbd5 11. Re1 Qd7 12. Ne4 Ng6 13. a3 Be7 14. Bd2 O-O 15. Rc1 Rad8 16. Qb3 b6 17.
h3 Rc8 18. Red1 Ndf4 19. Be3 Nxd3 20. Qxd3 c5 21. g4 c4 22. Qb1 Bxe4 23. Qxe4 Rfd8 24. Nd2 Qb5 25. Rc2 Qd5 26. Rdc1 b5 27. a4 a6 28.
axb5 axb5 29. Ra1 Bb4 30. Qxd5 exd5 31. f4 Ra8 32. Rcc1 f5 33. exf6 gxf6 34. f5 Ne7 35.
Bxh6 Bxd2 36. Bxd2 Nc6 37. Be3 Nb4 38. Ra3 Nd3 39.
Rca1 Rxa3 40. bxa3 Ra8 41. Rb1 c3 42. Rb3 Rc8 43. Kf1 Nb2 44. Ke2 Na4 45. Kd3 Nb2+ 46. Kc2 Nc4 47. Bf4 Ra8 48. Kxc3 Nxa3 49. Kb4 Nc2+ 50.
Kc5 Rc8+ 51. Kxd5 b4 52. Bd6 Rd8 53. h4 Kf7 54. Rb2 Ne3+ 55. Kc5 Rxd6 56. Kxd6 Nc4+ 57.
Kc5 Nxb2 58. Kxb4 Nd3+ 59. Kc3 Nf2 60. g5 fxg5 61. hxg5 Ne4+ 62. Kd3 Nxg5 63. f6 Kxf6 64. d5 Ke7 65. d6+ Kxd6 1/2-1/2

[Event "Early-Titled-Tuesday-Blitz-March-26-2024"]
[Site "Chess.com"]
[Date "2024.03.26"]
[Round "3"]
[White "scarabee43"]
[Black "Pelusiansky"]
[Result "0-1"]
[WhiteElo "2847"]
[BlackElo "2533"]
[TimeControl "180+1"]
[EndTime "8:29:14 PDT"]
[Termination "Pelusiansky won by resignation"]

1. Nf3 Nf6 2. c4 e6 3. Nc3 d5 4. e3 a6 5. b3 Be7 6. Bb2 O-O 7. Qc2 Nbd7 8. Rg1 c5 9. cxd5 exd5 10. g4 d4 11. Ne2 Nb8 12. g5 Nd5 13. Ng3 Nc6 14. h4 Bg4 15. Be2 Ndb4 16. Qe4 Bxf3 17. Bxf3 dxe3 18.
dxe3 Nd3+ 19. Ke2 Nxb2 20. Rab1 Re8 21. Rxb2 Bf6 22. gxf6 Qxf6 23. Rd2 Rxe4 24. Nxe4 Qxh4 25. Rd6 Rd8 26. Nf6+ Kf8 27. Rh1 Qxh1 28. Rxd8+ Nxd8 29. Bxh1 gxf6 30. Be4 h6 31. a4 Ke7 32. Kd3 Kd6 33.
Kc4 Nc6 34. f4 h5 35. Bg2 h4 36. Bh3 Na5+ 37. Kc3 b5 38. axb5 axb5 39. b4 Nc6 40. bxc5+ Kxc5 41. Bg4 b4+ 42. Kb3 Na5+ 43. Kc2 Nc4 44.
Kd3 b3 45. Bh3 b2 46. Kc2 Nxe3+ 47. Kxb2 Kd4 48. Kc1 Nd5 49. Kd2 Nxf4 50. Bc8 Ke5 51. Ke3 f5 52. Kf3 Ne6 53. Bb7 Kf6 54. Kg2 Kg5 55. Bc6 Nf4+ 56. Kf3 Ng6 57. Be8 f4 58. Kf2 Ne5 59. Bb5 h3 60. Ba6 Kh4 61. Bb7 Ng4+ 62. Kf3 Kg5 63. Bc8 f5 64. Bb7 Ne5+ 65. Kf2 Kg4 66. Bh1 f3 67. Kf1 Kg3 68. Kg1 Ng4 69. Bg2 h2+ 70. Kf1 fxg2+ 0-1

[Event "Early-Titled-Tuesday-Blitz-March-26-2024"]
[Site "Chess.com"]
[Date "2024.03.26"]
[Round "3"]
[White "sansanathalia"]
[Black "kritipatel"]
[Result "0-1"]
[WhiteElo "2401"]
[BlackElo "2202"]
[TimeControl "180+1"]
[EndTime "8:29:14 PDT"]
[Termination "kritipatel won by resignation"]

1. e4 e5 2. Nf3 Nc6 3. d4 exd4 4. Nxd4 Bb4+ 5. Nc3 Nf6 6. Nxc6 bxc6 7. Bd3 O-O 8. O-O d5 9. exd5 cxd5 10. Bg5 Bb7 11. Qf3 Be7 12. Rae1 Rb8 13. Qf5 g6 14. Qe5 Re8 15. Qg3 Nh5 16. Bxe7 Rxe7 17. Qg5 Rxe1 18. Qxd8+ Rxd8 19. Rxe1 Nf4 20. Bf1 d4 21. Nb5 Rd5 22. g3 Nh3+ 23. Bxh3 Rxb5 24. b3 Rc5 25. Re2 Bf3 26. Rd2 Rd5 27. Bf1 c5 28. Rd3 Be4 29. Rd2 Bf3 30. Bg2 Bxg2 31. Kxg2 Kg7 32. Kf3 f5 33. c3 Kf6 34. cxd4 cxd4 35. Ke2 Ke5 36. Kd3 Rc5 37. Re2+ Kd5 38. Re8 Rc3+ 39. Kd2 Rf3 40. Rd8+ Ke4 41. Ke2 d3+ 42. Ke1 f4 43. Re8+ Kd4 44. Rc8 fxg3 45. hxg3 g5 46. Rc4+ Kd5 47. Rg4 h6 48. Rc4 a5 49. Kf1 h5 50. Rc8 Kd4 51. Kg2 g4 52. Kf1 h4 53. gxh4 Rh3 54. Kg2 d2 55.
Rd8+ Kc3 56. h5 Rd3 57. Rc8+ Kb2 58. h6 d1=Q 59. h7 Qf3+ 60. Kg1 Rd1+ 0-1

[Event "Early-Titled-Tuesday-Blitz-March-26-2024"]
[Site "Chess.com"]
[Date "2024.03.26"]
[Round "3"]
[White "GMG"]
[Black "SpeedofLight0"]
[Result "0-1"]
[WhiteElo "2798"]
[BlackElo "3082"]
[TimeControl "180+1"]
[EndTime "8:29:15 PDT"]
[Termination "SpeedofLight0 won on time"]

1. Nf3 d6 2. d4 g6 3. e4 Bg7 4.
Bc4 Nc6 5. h3 Nf6 6. Qe2 O-O 7. e5 dxe5 8. dxe5 Nd5 9. O-O Nb6 10.
Rd1 Qe8 11. Bd3 Nb4 12. Be4 Be6 13. Nc3 Nc6 14. Bf4 Nc4 15. Nd5 Bxd5 16. Bxd5 Nxb2 17. Rdb1 Na4 18. Rxb7 Nc3 19. Qc4 Nxd5 20. Qxd5 Nd8 21. Rxc7 Ne6 22. Rc4 Rc8 23. Be3 Rxc4 24. Qxc4 Qd7 25.
Rb1 Rc8 26. Qd3 Qa4 27. Rb7 Qxa2 28. Rxa7 Qb1+ 29. Kh2 Bf8 30. Ng5 Nxg5 31. Bxg5 Qb8 32. Ra5 Qc7 33. Rd5 Qxc2 34. Qxc2 Rxc2 35. f4 h6 36. Bh4 Rc4 37. Kg3 Kg7 38. Rd7 Rc3+ 39.
Kf2 Rc2+ 40. Kf3 Rc3+ 41. Kf2 Rc4 42. Kf3 g5 43. Bg3 Rc3+ 44. Kf2 e6 45. Bh2 Bc5+ 46.
Kf1 Rc1+ 47. Ke2 Kg6 48. fxg5 hxg5 49. Bg3 Rg1 50. Kf3 Rf1+ 51. Ke2 Rg1 52. Kf3 Rf1+ 53.
Ke2 Ra1 54. Rc7 Ra2+ 55. Kf1 Bd4 56. Rd7 Be3 57. Bh2 Rf2+ 58. Ke1 Rxg2 0-1

[Event "Early-Titled-Tuesday-Blitz-March-26-2024"]
[Site "Chess.com"]
[Date "2024.03.26"]
[Round "3"]
[White "MalyDominator"]
[Black "Mikhail_Bryakin"]
[Result "0-1"]
[WhiteElo "2578"]
[BlackElo "2859"]
[TimeControl "180+1"]
[EndTime "8:29:15 PDT"]
[Termination "Mikhail_Bryakin won by checkmate"]

1. e4 d5 2. exd5 Nf6 3. Nf3 Bg4 4. Be2 Nxd5 5. d4 g6 6. c4 Nf6 7. h3 Bxf3 8. Bxf3 c6 9. Nc3 Bg7 10. Be3 O-O 11. O-O Nbd7 12. Qd2 Qc7 13. Rad1 Rad8 14.
Rfe1 Rfe8 15. Qc2 Qa5 16. a3 Nb6 17. b4 Qxa3 18. c5 Nc4 19. b5 Nd5 20. Nxd5 cxd5 21. Bxd5 Nxe3 22. Rxe3 Qa5 23. Qb3 e6 24. Bxb7 Rxd4 25. c6 Rxd1+ 26. Qxd1 Qxb5 27. Qd7 Rf8 28. Rd3 Be5 29. g3 a5 30. Re3 Qc5 31. Qd3 a4 32.
Qa3 Qa5 33. Re4 Bc7 34. Qxa4 Qd5 35. Qc4 Qd1+ 36. Kg2 Rd8 37. h4 Qd6 38. Qc3 Qd5 39. Qf3 e5 40. Re3 Qd6 41. Rb3 f5 42. h5 e4 43. Qc3 Kf7 44. Qc4+ Qe6 45. Qxe6+ Kxe6 46. hxg6 hxg6 47. Ra3 g5 48. Ra7 Rf8 49. Ba6 Kd6 50. Bb7 Ke5 51. Ra6 Kd6 52. Ra7 f4 53. gxf4 gxf4 54.
Ra4 Ke5 55. Rc4 Rg8+ 56. Kf1 f3 57. Rc5+ Kf4 58. Rc4 Rd8 59. Ba6 Rd1# 0-1

[Event "Early-Titled-Tuesday-Blitz-March-26-2024"]
[Site "Chess.com"]
[Date "2024.03.26"]
[Round "3"]
[White "Polish_fighter3000"]
[Black "Abund"]
[Result "1-0"]
[WhiteElo "3115"]
[BlackElo "2810"]
[TimeControl "180+1"]
[EndTime "8:29:17 PDT"]
[Termination "Polish_fighter3000 won by checkmate"]

1. e4 c6 2. Nf3 d5 3. d3 dxe4 4.
dxe4 Qxd1+ 5. Kxd1 Nf6 6. Nfd2 g6 7. f3 Be6 8. Nc4 Nbd7 9. Be3 h5 10. c3 Bh6 11.
Bf2 O-O-O 12. Kc2 b6 13. a4 Bxc4 14. Bxc4 Ne5 15. Ba6+ Kc7 16. Bg3 Nd7 17. b4 f6 18.
Na3 Nb8 19. Bd3 Nd7 20. Rhd1 h4 21. Bf2 Bf4 22. h3 Nxd3 23. Rxd3 Ne5 24. Rd4 g5 25. a5 b5 26. a6 Kb8 27. Rad1 Nf7 28. Rd7 Rxd7 29. Rxd7 Rd8 30. Bxa7+ Kc8 31. Rxd8+ Nxd8 32. c4 bxc4 33. Nxc4 Bc7 34. Bc5 Ne6 35. Bxe7 Nf4 36. Bxf6 Nxg2 37. Kd2 Bf4+ 38. Ke2 Bc7 39. Bxg5 Bg3 40. e5 Bf4 41. Bf6 Bh6 42. Kf2 Nf4 43.
Bxh4 Nxh3+ 44. Kg3 Nf4 45. Kg4 Nd3 46. Bg5 Nxb4 47.
Bxh6 Nxa6 48. f4 Kd7 49. f5 Nc5 50. Bg5 Nd3 51. e6+ Kc7 52. f6 Nf2+ 53. Kf5 Nh3 54.
f7 Nxg5 55. Kxg5 c5 56. f8=Q Kb7 57. Qxc5 Ka8 58. Qb5 Ka7 59. e7 Ka8 60. e8=Q+ Ka7 61. Qb6# 1-0

[Event "Early-Titled-Tuesday-Blitz-March-26-2024"]
[Site "Chess.com"]
[Date "2024.03.26"]
[Round "3"]
[White "js20000"]
[Black "DrVelja"]
[Result "1-0"]
[WhiteElo "2801"]
[BlackElo "3007"]
[TimeControl "180+1"]
[EndTime "8:29:18 PDT"]
[Termination "js20000 won by resignation"]

1. Nf3 Nf6 2. d4 g6 3. Nbd2 Bg7 4. e4 d6 5. Bd3 O-O 6. c3 Nc6 7. O-O e5 8. Re1 Nh5 9. Nb3 a5 10. dxe5 Nxe5 11. Nxe5 dxe5 12. Bc4 Qf6 13. a4 Rd8 14. Qe2 Nf4 15. Bxf4 Qxf4 16. Rad1 Bg4 17. f3 Bd7 18. Nc5 Bc6 19. Bb5 Bf8 20. Nd3 Qf6 21.
Bxc6 Qxc6 22. Qc2 Qc4 23. Kh1 f6 24. b3 Qe6 25. Nb2 Bc5 26. Nc4 b6 27. Rd3 Rxd3 28. Qxd3 Be7 29. Rd1 Rd8 30. Qe2 Rxd1+ 31. Qxd1 Kf7 32.
Kg1 Bc5+ 33. Kf1 Ke8 34. Ke2 Qc6 35. Qd3 Qd7 36. Ne3 Qxd3+ 37. Kxd3 c6 38. Nc4 Kd7 39.
Kc2 Kc7 40. Kd3 Kb7 41. Ne3 Be7 42. Kc4 Ka6 43. Ng4 b5+ 44. axb5+ cxb5+ 45. Kd5 Kb6 46. Ne3 Bc5 47. Nc2 Bf8 48. Ke6 a4 49. b4 Bh6 50.
Kxf6 Bd2 51. Kxe5 Bxc3+ 52. Kd6 a3 53. e5 a2 54. e6 Bf6 55. e7 Bxe7+ 56. Kxe7 Kc6 57.
Ke6 1-0

[Event "Early-Titled-Tuesday-Blitz-March-26-2024"]
[Site "Chess.com"]
[Date "2024.03.26"]
[Round "3"]
[White "AnaKuchava"]
[Black "ninguno46"]
[Result "0-1"]
[WhiteElo "2139"]
[BlackElo "2555"]
[TimeControl "180+1"]
[EndTime "8:29:20 PDT"]
[Termination "ninguno46 won by resignation"]

1. d4 Nf6 2. Nf3 e6 3. c4 Bb4+ 4. Bd2 Qe7 5. e3 O-O 6. Bd3 b6 7. O-O Bxd2 8. Nbxd2 Bb7 9. Qc2 d6 10. Ng5 h6 11. Nge4 Nbd7 12. b4 e5 13. Rfe1 a5 14. a3 axb4 15. axb4 Rxa1 16. Rxa1 exd4 17. Nxf6+ Nxf6 18.
exd4 c5 19. bxc5 bxc5 20. d5 Bc8 21. h3 Re8 22. Nf3 Bd7 23. Ra7 Qd8 24. Qa2 Qb8 25.
Qa6 Bc8 26. Qa5 Qb3 27. Qa3 Qd1+ 28. Kh2 Bd7 29. Ra8 g6 30. Rxe8+ Bxe8 31. Qc3 Nh5 32. Qd2 Qxd2 33. Nxd2 f5 34. g3 Kf8 35. f4 Ke7 36. Kg2 Nf6 37. Kf3 Ba4 38. Ke3 Nh5 39. g4 Ng7 40.
Nf3 Bd7 41. Nh4 Kf6 42. Kf3 Bc8 43. Bc2 fxg4+ 44. hxg4 g5 45. fxg5+ Kxg5 46. Ng2 Bxg4+ 47. Kg3 Bf5 48. Bxf5 Nxf5+ 49. Kf3 Nh4+ 50. Nxh4 Kxh4 51. Kf4 h5 52. Kf5 Kg3 53. Ke6 h4 54. Kxd6 h3 55. Kxc5 h2 56. d6 h1=Q 57. d7 Qh8 58. Kc6 Qd8 59.
c5 Kf4 60. Kd6 Kf5 61. c6 Kf6 62. c7 Qe7+ 63. Kc6 Qe6+ 64. Kc5 Qxd7 65. Kb6 Qc8 66. Kc6 Ke6 67. Kb6 Kd6 0-1

[Event "Early-Titled-Tuesday-Blitz-March-26-2024"]
[Site "Chess.com"]
[Date "2024.03.26"]
[Round "3"]
[White "Andreikka"]
[Black "ChessQueen"]
[Result "1-0"]
[WhiteElo "2963"]
[BlackElo "2755"]
[TimeControl "180+1"]
[EndTime "8:29:21 PDT"]
[Termination "Andreikka won by resignation"]

1. e4 e5 2. Nf3 Nf6 3. d3 Nc6 4. g3 Bc5 5. Bg2 d6 6. O-O h6 7.
c3 Bb6 8. a4 a6 9. Na3 Bg4 10. h3 Be6 11. Nc2 Qd7 12. Kh2 O-O-O 13. Be3 Bxe3 14. Nxe3 d5 15. exd5 Nxd5 16. Nc4 f6 17. Qc2 Bf5 18. Rfd1 Nde7 19. Ne1 h5 20. b4 h4 21. g4 Be6 22. b5 Nb8 23. Ne3 a5 24. d4 c6 25. bxc6 bxc6 26. Nd3 exd4 27. cxd4 Qxd4 28. Nc5 Qf4+ 29. Kg1 Bf7 30. Rdb1 Nd5 31.
Nxd5 Bxd5 32. Rb2 Bxg2 33. Kxg2 Rd5 34. Rab1 Nd7 35. Nxd7 Kxd7 36. Rb7+ Kd6 37. Rxg7 Re8 38. Rbb7 Qe4+ 39. Qxe4 Rxe4 40. Rgf7 Rf4 41. Rb2 Rdd4 42. Rh7 Rxa4 43. Rxh4 Rab4 44. Ra2 a4 45. Rh7 Kc5 46. Ra7 Kb5 47. Kg3 Rfc4 48. f3 Rc3 49. h4 Rbb3 50. Rf2 a3 51. h5 Rb2 52. h6 Rxf2 53. Kxf2 Rc2+ 54. Kg3 Rc1 55. f4 Rh1 56. g5 fxg5 57.
fxg5 Kb4 58. h7 Rxh7 59. Rxh7 1-0